[Event "Titled Tuesday Blitz August 22 Late 2023"]
[White "Dourerassou, Jonathan"]
[Black "Kamsky, Gata"]
[WhiteFideId "628050"]
[BlackFideId "2000024"]
[WhiteElo "2713"]
[BlackElo "2900"]
[Result "1/2-1/2"]
[Round "11"]
[TimeControl "180+1"]
[Date "2023.08.22"]
[WhiteClock "0:00:13"]
[BlackClock "0:00:25"]
[Board "24"]

1. e4 c5 2. Nf3 e6 3. d4 cxd4 4. Nxd4 a6 5. Nc3 b5 6. Bd3 Qb6 7. Be3 Bc5 8. Be2 Nc6 9. Nxc6 Bxe3 10. fxe3 dxc6 11. Qd4 Qxd4 12. exd4 e5 13. d5 Bb7 14. O-O-O Nf6 15. Bf3 O-O-O 16. a3 h5 17. h3 h4 18. Rhe1 Kc7 19. b4 Rhe8 20. Kb2 Rd6 21. a4 bxa4 22. Nxa4 cxd5 23. exd5 Bxd5 24. Bxd5 Nxd5 25. Re4 Nb6 26. Ra1 Nxa4+ 27. Rxa4 g5 28. Ra5 f6 29. Kb3 Rb8 30. c3 Kd7 31. Re2 Rc8 32. Rc2 Rcc6 33. c4 Rd3+ 34. Ka4 Ke6 35. c5 Rd4 36. Kb3 e4 37. Rca2 e3 38. Rxa6 Rxa6 39. Rxa6+ Ke5 40. Ra2 f5 41. c6 Kd6 42. b5 Re4 43. Re2 Kc7 44. Kc3 f4 45. Kd3 Re5 46. Rb2 Kb6 47. Rc2 Re7 48. Ke2 Rc7 49. Rb2 Ra7 50. Kf3 Re7 51. Rc2 Rc7 52. Kg4 Rg7 53. Kf5 Re7 54. Re2 Kxb5 55. Kxg5 Kxc6 56. Kxf4 Kd5 57. Rxe3 Rxe3 58. Kxe3 Ke5 59. Kf3 Kf5 60. Ke3 Ke5 61. Kf3 Kf5 62. Ke3 Ke5 1/2-1/2


[Site "https://www.chess.com"]

[Event "Titled Tuesday Blitz August 22 Late 2023"]
[White "Rustemov, Alexander"]
[Black "Papayan, Oleg"]
[WhiteFideId "4119002"]
[BlackFideId "4193911"]
[WhiteElo "2858"]
[BlackElo "2623"]
[Result "1/2-1/2"]
[Round "11"]
[TimeControl "180+1"]
[Date "2023.08.22"]
[WhiteClock "0:00:06"]
[BlackClock "0:00:06"]
[Board "25"]

1. d4 Nf6 2. c4 b6 3. Nf3 Bb7 4. Nc3 e6 5. a3 Ne4 6. Nxe4 Bxe4 7. Bf4 Bb7 8. e3 g6 9. Bd3 Bg7 10. O-O d6 11. h3 O-O 12. Rc1 Nd7 13. Bh2 e5 14. Be2 a5 15. b3 exd4 16. Nxd4 Nc5 17. Qc2 Re8 18. Rfd1 Be4 19. Qa2 Qg5 20. Nf3 Qf6 21. Nd4 Qg5 22. Nf3 Qf6 23. Nd4 h5 24. Bf3 Bxf3 25. Nxf3 a4 26. b4 Nb3 27. Rb1 Qf5 28. Qe2 Re7 29. Qd3 Re4 30. Ng5 Rae8 31. Nxe4 Qxe4 32. Rxb3 axb3 33. Qxb3 Ra8 34. a4 Qc6 35. b5 Qe4 36. Bf4 Qb7 37. Rd2 Qe4 38. Ra2 Ra5 39. f3 Qf5 40. Bg3 Ra8 41. Be1 Qc5 42. a5 bxa5 43. Rxa5 Re8 44. Bf2 Bh6 45. e4 Qe5 46. Ra2 Bf4 47. Qd3 Qe6 48. Qd5 Qd7 49. Ra8 Kh7 50. Rxe8 Qxe8 51. Bd4 Qe7 52. Kf1 h4 53. Bf2 Be5 54. Qd2 Qf6 55. Qe1 g5 56. Be3 Qe6 57. Qe2 f6 58. Qd3 Qc8 59. Qd5 Kg7 60. Bd4 Bxd4 61. Qxd4 Qa8 62. Kg1 Qa5 63. Qd1 Qc3 64. Qe2 Qd4+ 65. Kh1 Kh6 66. Qf1 Qe3 67. Qd1 Qc3 68. Qf1 Kg7 69. Qe2 Kf7 70. Kh2 Ke6 71. g3 Qe5 72. Qf2 hxg3+ 73. Qxg3 Qb2+ 74. Qg2 Qe5+ 75. Qg3 Qb2+ 76. Qg2 Qe5+ 77. Kh1 Qa1+ 78. Qg1 Qa2 79. Qf1 Qd2 80. Qg2 Qc1+ 81. Kh2 Qxc4 82. Qg4+ Ke7 83. Qf5 Qc2+ 84. Kg3 Qc1 85. Kg4 Qc4 86. Kh5 Qf7+ 87. Kh6 Qf8+ 88. Kh7 Qf7+ 89. Kh6 Qf8+ 90. Kg6 Qf7+ 91. Kh6 1/2-1/2


[Site "https://www.chess.com"]

[Event "Titled Tuesday Blitz August 22 Late 2023"]
[White "Durarbayli, Vasif"]
[Black "Kuzmicz, Krystian"]
[WhiteFideId "13402935"]
[BlackFideId "1119125"]
[WhiteElo "2853"]
[BlackElo "2738"]
[Result "1-0"]
[Round "11"]
[TimeControl "180+1"]
[Date "2023.08.22"]
[WhiteClock "0:00:41"]
[BlackClock "0:00:00"]
[Board "26"]

1. e4 c5 2. Nf3 e6 3. b3 b6 4. Bd3 Bb7 5. O-O Nc6 6. Re1 d6 7. Bb2 e5 8. Bf1 Be7 9. c3 Nf6 10. d4 O-O 11. d5 Nb8 12. c4 h6 13. Nc3 Nh7 14. Ne2 Bc8 15. Ng3 Ng5 16. Nd2 g6 17. a3 Nd7 18. h4 Nh7 19. h5 Ndf6 20. Be2 Ng5 21. b4 Bd7 22. Bc3 Qc8 23. Rf1 Ng4 24. bxc5 bxc5 25. Rb1 Nf6 26. f4 exf4 27. Rxf4 Ne8 28. Qc2 Ng7 29. Rbf1 Qe8 30. Ba1 f6 31. hxg6 Qxg6 32. Bg4 Bxg4 33. Rxg4 h5 34. Rh4 Rab8 35. Qd1 Nf7 36. Nxh5 Nxh5 37. Rxh5 Kg7 38. Rf4 Nh6 39. Rfh4 Rh8 40. Nf3 Rbg8 41. Rg5 1-0


[Site "https://www.chess.com"]

[Event "Titled Tuesday Blitz August 22 Late 2023"]
[White "Ribeiro, Matheus Mendes Domingues"]
[Black "Mekhitarian, Krikor Sevag"]
[WhiteFideId "324226923"]
[BlackFideId "2107660"]
[WhiteElo "2616"]
[BlackElo "2834"]
[Result "0-1"]
[Round "11"]
[TimeControl "180+1"]
[Date "2023.08.22"]
[WhiteClock "0:00:02"]
[BlackClock "0:01:45"]
[Board "27"]

1. c4 c5 2. Nf3 Nc6 3. Nc3 e5 4. d3 d6 5. g3 g6 6. Bg2 Bg7 7. O-O Nge7 8. Bg5 f6 9. Bd2 Be6 10. a3 a5 11. Ne1 O-O 12. Nc2 d5 13. cxd5 Nxd5 14. Nxd5 Bxd5 15. b4 cxb4 16. axb4 Bxg2 17. Kxg2 a4 18. Ne3 b5 19. Qc2 Qd6 20. Rfc1 Nd4 21. Qa2+ Kh8 22. Kf1 Nb3 23. Rab1 Nxc1 24. Rxc1 Rfc8 25. Rb1 Rc7 26. Qd5 Qxd5 27. Nxd5 Rc2 28. Bc3 Rd8 29. e4 Rxd5 30. exd5 Rxc3 31. Ke2 Kg8 0-1


[Site "https://www.chess.com"]

[Event "Titled Tuesday Blitz August 22 Late 2023"]
[White "Geivondian, Arman"]
[Black "Bartel, Mateusz"]
[WhiteFideId "24102032"]
[BlackFideId "1112635"]
[WhiteElo "2556"]
[BlackElo "2828"]
[Result "0-1"]
[Round "11"]
[TimeControl "180+1"]
[Date "2023.08.22"]
[WhiteClock "0:00:12"]
[BlackClock "0:00:08"]
[Board "28"]

1. e4 d5 2. exd5 Qxd5 3. Nc3 Qd8 4. d4 Nf6 5. Nf3 g6 6. Bc4 Bg7 7. Ne5 O-O 8. O-O a6 9. Qe2 b5 10. Bb3 Bb7 11. Bg5 Nbd7 12. Rfe1 Nxe5 13. dxe5 Nd5 14. Rad1 c6 15. Ne4 Qc7 16. Nc5 Rad8 17. Bh4 Bc8 18. e6 f5 19. Nd3 c5 20. Bxd5 Rxd5 21. c3 Rfd8 22. Bg3 Qb6 23. Nf4 Rxd1 24. Rxd1 Rxd1+ 25. Qxd1 Qd6 26. Qxd6 exd6 27. h4 Bf8 28. a3 Kg7 29. b4 Kf6 30. f3 Bxe6 31. Bf2 Bc4 32. Be3 cxb4 33. axb4 Kf7 34. Bd4 Be7 35. g3 Bd8 36. Kf2 a5 37. bxa5 Bxa5 38. h5 g5 39. Nh3 h6 40. g4 f4 41. Ng1 Bd8 42. Ne2 Bxe2 43. Kxe2 Bf6 44. Bb6 Bxc3 45. Kd3 Be5 46. Ba5 Ke6 47. Bb4 Kd5 48. Ba5 Kc5 49. Bd8 b4 50. Be7 Bg7 51. Bd8 b3 52. Be7 b2 53. Kc2 Kc6 54. Bd8 d5 55. Ba5 Kb5 56. Be1 Kc4 57. Ba5 Bf6 58. Be1 d4 59. Ba5 d3+ 60. Kb1 Bc3 61. Bd8 d2 62. Ka2 d1=Q 63. Ba5 b1=Q+ 64. Ka3 Qbb3# 0-1


[Site "https://www.chess.com"]

[Event "Titled Tuesday Blitz August 22 Late 2023"]
[White "Sala, Giulia"]
[Black "Tologon tegin, Semetei"]
[WhiteFideId "2840451"]
[BlackFideId "13800574"]
[WhiteElo "2372"]
[BlackElo "2621"]
[Result "1-0"]
[Round "11"]
[TimeControl "180+1"]
[Date "2023.08.22"]
[WhiteClock "0:00:12"]
[BlackClock "0:00:01"]
[Board "29"]

1. e4 e5 2. Bc4 Nc6 3. Nc3 Nf6 4. d3 Na5 5. Bb3 Nxb3 6. axb3 Bc5 7. f4 d6 8. Nf3 Bg4 9. h3 Bxf3 10. Qxf3 h6 11. Na4 Bb6 12. Bd2 O-O 13. Nxb6 axb6 14. O-O Rxa1 15. Rxa1 exf4 16. Bxf4 Nd7 17. Rf1 Qf6 18. c3 Qe6 19. Qg3 f5 20. exf5 Rxf5 21. Re1 Qxb3 22. Bxh6 Qf7 23. Bd2 b5 24. d4 Nb6 25. Bg5 Nd5 26. h4 Kh7 27. Qg4 c6 28. Bc1 b4 29. c4 Nb6 30. b3 d5 31. c5 Nd7 32. Bg5 Nf8 33. Re7 Rf1+ 34. Kh2 Qg6 35. h5 Qb1 36. Bc1 Rh1+ 37. Kxh1 Qxc1+ 38. Kh2 Qh6 39. Qf5+ Kg8 40. Qf7+ Kh8 41. Qxf8+ 1-0


[Site "https://www.chess.com"]

[Event "Titled Tuesday Blitz August 22 Late 2023"]
[White "Ibarra Jerez, Jose Carlos"]
[Black "Rosen, Eric"]
[WhiteFideId "2226332"]
[BlackFideId "2032562"]
[WhiteElo "2874"]
[BlackElo "2583"]
[Result "0-1"]
[Round "11"]
[TimeControl "180+1"]
[Date "2023.08.22"]
[WhiteClock "0:00:00"]
[BlackClock "0:00:53"]
[Board "30"]

1. b3 e5 2. Bb2 Nc6 3. e3 Nf6 4. Bb5 e4 5. Bxc6 dxc6 6. Ne2 Bd6 7. Ng3 Bg4 8. Qc1 h5 9. Bxf6 Qxf6 10. Nc3 Bxg3 11. hxg3 Qe5 12. b4 O-O-O 13. a4 Rh6 14. Ra3 Rhd6 15. Nb1 Qf5 16. Rc3 Rf6 17. O-O h4 18. Rc5 Rd5 19. Rxd5 cxd5 20. Nc3 h3 21. f4 exf3 22. gxf3 h2+ 23. Kxh2 Bxf3 24. Rxf3 Qxf3 0-1


[Site "https://www.chess.com"]

[Event "Titled Tuesday Blitz August 22 Late 2023"]
[White "angelgab3"]
[Black "Zierk, Steven"]
[BlackFideId "2034255"]
[WhiteElo "2576"]
[BlackElo "2847"]
[Result "0-1"]
[Round "11"]
[TimeControl "180+1"]
[Date "2023.08.22"]
[WhiteClock "0:00:41"]
[BlackClock "0:01:35"]
[Board "31"]

1. e4 e6 2. d4 d5 3. Nc3 Bb4 4. e5 c5 5. a3 Bxc3+ 6. bxc3 Qa5 7. Bd2 Qa4 8. Qb1 c4 9. h4 Nc6 10. Ne2 Bd7 11. h5 h6 12. g4 O-O-O 13. Be3 Nge7 14. Kd2 Rdf8 15. Bh3 f6 16. f4 Kb8 17. Rg1 Be8 18. Ng3 Rhg8 19. Qd1 Qa5 20. a4 Nc8 21. Qb1 fxe5 22. fxe5 Rf3 23. Qb5 Qd8 24. Rab1 b6 25. Qa6 Qh4 26. a5 Nxa5 27. Qxa5 Qxh3 28. Nf1 Rxf1 0-1


[Site "https://www.chess.com"]

[Event "Titled Tuesday Blitz August 22 Late 2023"]
[White "Przybylski, Wojciech"]
[Black "Klukin, Kirill"]
[WhiteFideId "1117599"]
[BlackFideId "24199273"]
[WhiteElo "2579"]
[BlackElo "2804"]
[Result "1-0"]
[Round "11"]
[TimeControl "180+1"]
[Date "2023.08.22"]
[WhiteClock "0:00:04"]
[BlackClock "0:00:01"]
[Board "32"]

1. d4 f5 2. g4 e6 3. Nc3 Nf6 4. g5 Ne4 5. h4 d5 6. Bf4 Bb4 7. Rh3 c5 8. a3 Bxc3+ 9. bxc3 Qa5 10. Be5 Nc6 11. Bxg7 Rg8 12. Be5 Nxc3 13. Qd2 cxd4 14. Nf3 Nxe5 15. Nxd4 Nc4 16. Qxc3 Qxc3+ 17. Rxc3 Bd7 18. f4 Ke7 19. e3 Nd6 20. Bd3 Rac8 21. Rxc8 Rxc8 22. Rb1 b6 23. h5 Be8 24. h6 Bg6 25. Kd2 Bh5 26. a4 Be8 27. Ra1 a5 28. Rb1 Rb8 29. Bb5 Bxb5 30. axb5 Ra8 31. Nc6+ Kf7 32. Ne5+ Ke7 33. Kd3 Nf7 34. Nc6+ Kd6 35. Ra1 Nh8 36. c4 Ng6 37. cxd5 exd5 38. Nd4 Ne7 39. Ra4 Rc8 40. Ra1 Rc5 41. Rg1 Rc8 42. Nf3 Ng6 43. Rb1 Rc4 44. Nd4 Ne7 45. Ra1 Rc8 46. Ra2 Rc7 47. Rg2 Rc8 48. Ne2 Ng6 49. Nc3 Ne7 50. Na4 Rb8 51. Rc2 Rb7 52. Kd4 Rb8 53. Rc3 Rb7 54. Rc1 Rb8 55. Nb2 Rb7 56. Nd3 Ng6 57. Rc6+ Kd7 58. Kxd5 Ne7+ 59. Ke5 Nxc6+ 60. bxc6+ Kxc6 61. Kxf5 a4 62. Ke6 Kb5 63. f5 a3 64. Nc1 Kc4 65. g6 b5 66. g7 Rb8 67. f6 b4 68. f7 Rb6+ 69. Kf5 Rb5+ 70. Kf4 b3 71. g8=Q Kc3 72. Qg7+ Kc2 73. f8=Q b2 74. Qc8+ Kb1 75. Nd3 Rb3 76. Qg1+ Ka2 77. Qc2 Rxd3 78. Qgb1# 1-0


[Site "https://www.chess.com"]

[Event "Titled Tuesday Blitz August 22 Late 2023"]
[White "Kushko, Dmitriy"]
[Black "Shapiro, Viktor"]
[WhiteFideId "14162261"]
[BlackFideId "4175700"]
[WhiteElo "2755"]
[BlackElo "2557"]
[Result "0-1"]
[Round "11"]
[TimeControl "180+1"]
[Date "2023.08.22"]
[WhiteClock "0:00:00"]
[BlackClock "0:00:34"]
[Board "33"]

1. Nf3 Nf6 2. g3 d5 3. Bg2 Bg4 4. O-O c6 5. h3 Bh5 6. c4 Nbd7 7. cxd5 cxd5 8. d4 e6 9. Qb3 Qb6 10. Qxb6 Nxb6 11. Nc3 a6 12. Ne5 Bb4 13. g4 Bg6 14. g5 Nfd7 15. Nxg6 hxg6 16. e4 Bxc3 17. bxc3 dxe4 18. Bxe4 Rxh3 19. Bxb7 Ra7 20. Bg2 Rxc3 21. Rb1 Rac7 22. Re1 Kd8 23. Bd2 Ra3 24. Bb4 Rxa2 25. Ra1 Rcc2 26. Rxa2 Rxa2 27. Rc1 Nd5 28. Bd6 N7b6 29. Rb1 Kd7 30. Be5 f6 31. gxf6 gxf6 32. Bg3 a5 33. Bf1 a4 34. Bb5+ Ke7 35. Bc6 a3 36. Rb5 Rb2 37. Ra5 a2 38. Kg2 Nc3 39. Ra7+ Kd8 40. Bc7+ Kc8 41. Bd6 Nb5 42. Bb7+ Kd7 0-1


[Site "https://www.chess.com"]

[Event "Titled Tuesday Blitz August 22 Late 2023"]
[White "Ghazarian, Kirk"]
[Black "D`Arruda, Ricardo D."]
[WhiteFideId "30908604"]
[BlackFideId "100692"]
[WhiteElo "2748"]
[BlackElo "2558"]
[Result "1/2-1/2"]
[Round "11"]
[TimeControl "180+1"]
[Date "2023.08.22"]
[WhiteClock "0:00:05"]
[BlackClock "0:00:25"]
[Board "34"]

1. a3 e5 2. h3 d5 3. b3 Nf6 4. Bb2 Nc6 5. e3 Bd6 6. Bb5 Bd7 7. Ne2 O-O 8. c4 Re8 9. cxd5 Nxd5 10. Nbc3 Nf6 11. Qc2 a6 12. Bd3 Qe7 13. Ng3 g6 14. Nge4 Nxe4 15. Nxe4 f5 16. Nxd6 cxd6 17. O-O Rac8 18. Qb1 e4 19. Be2 Ne5 20. Rc1 Bb5 21. Bxb5 axb5 22. Rxc8 Rxc8 23. Bc3 Nd3 24. f3 Qg5 25. Qf1 d5 26. fxe4 fxe4 27. Qe2 Rf8 28. Rf1 Rxf1+ 29. Qxf1 Qf5 30. Qe2 h5 31. a4 b4 32. Bd4 Kf7 33. Kh2 h4 34. Qd1 Ke6 35. a5 Qg5 36. Qf1 Qg3+ 37. Kg1 Qe1 38. Qxe1 Nxe1 39. Bc5 Nd3 40. Bf8 Kf5 41. Be7 g5 42. Kf1 Kg6 43. Kg1 Kh5 44. Kh2 g4 45. Kg1 Nc1 46. Bxb4 Nxb3 47. Kf1 Nc1 48. Bc3 Nd3 49. Bd4 Nb4 50. Ke2 Nd3 51. Bf6 Nb4 52. Bd8 Nd3 53. Be7 Nc1+ 54. Kd1 Nd3 55. Ke2 Nc1+ 56. Kf1 Nd3 57. Bd8 Nc1 58. Bf6 Nd3 59. Bd4 Nc1 60. Kg1 Nd3 61. Kf1 1/2-1/2


[Site "https://www.chess.com"]

[Event "Titled Tuesday Blitz August 22 Late 2023"]
[White "Leebit02"]
[Black "Matinian, Nikita"]
[BlackFideId "24129100"]
[WhiteElo "2556"]
[BlackElo "2711"]
[Result "0-1"]
[Round "11"]
[TimeControl "180+1"]
[Date "2023.08.22"]
[WhiteClock "0:00:07"]
[BlackClock "0:00:51"]
[Board "35"]

1. Nf3 Nf6 2. c4 e6 3. d4 d5 4. g3 Bb4+ 5. Nc3 O-O 6. Bg2 dxc4 7. O-O Nc6 8. Qa4 Bd7 9. Qc2 Rb8 10. e4 b5 11. Rd1 Be7 12. Ne5 Nxe5 13. dxe5 Ng4 14. Bf4 Bc5 15. Rd2 g5 16. Nd1 gxf4 17. h3 Nxf2 18. Nxf2 fxg3 19. Rad1 gxf2+ 20. Kf1 Qg5 21. Rxd7 Qxe5 22. Qe2 Qh2 23. Qg4+ Kh8 24. Qf3 f5 25. Rxh7+ Kg8 26. Rh8+ Kxh8 27. Qh5+ Kg7 28. Qg5+ Kf7 29. Qh5+ Ke7 30. Qh4+ Ke8 31. Qh5+ Rf7 32. exf5 Qg1+ 33. Ke2 f1=Q+ 34. Bxf1 Qe3# 0-1


[Site "https://www.chess.com"]

[Event "Titled Tuesday Blitz August 22 Late 2023"]
[White "Loay, Sameer"]
[Black "Diaz Perez, Michel Alejandro"]
[WhiteFideId "8104239"]
[BlackFideId "3517179"]
[WhiteElo "2544"]
[BlackElo "2686"]
[Result "0-1"]
[Round "11"]
[TimeControl "180+1"]
[Date "2023.08.22"]
[WhiteClock "0:00:08"]
[BlackClock "0:01:08"]
[Board "36"]

1. Nf3 Nf6 2. g3 b6 3. Bg2 Bb7 4. O-O d6 5. d3 Nbd7 6. e4 e5 7. Re1 Be7 8. c3 c5 9. Nbd2 O-O 10. d4 Re8 11. d5 Bf8 12. a4 a6 13. b4 Qc7 14. Bb2 g6 15. Bf1 h5 16. Nc4 Nh7 17. Ne3 Bh6 18. b5 a5 19. c4 Ndf6 20. Ng2 Kg7 21. Ngh4 Ng8 22. Bh3 Rf8 23. Bc1 Bc8 24. Bxc8 Qxc8 25. Kg2 Qd7 26. Bxh6+ Nxh6 27. Qd2 f5 28. Ng5 Nxg5 29. Qxg5 Rf6 30. exf5 Nxf5 31. Nf3 Raf8 32. Nd2 Nd4 33. Ne4 Rf5 34. Qe3 h4 35. Ng5 Rxf2+ 36. Kg1 Qg4 37. Rad1 R2f5 38. Ne6+ Nxe6 39. dxe6 Rf3 40. Qe4 Rf1+ 41. Kg2 Qxe4+ 42. Rxe4 Rxd1 0-1


[Site "https://www.chess.com"]

[Event "Titled Tuesday Blitz August 22 Late 2023"]
[White "Kaplan, Avi Harrison"]
[Black "Mamedov, Edgar"]
[WhiteFideId "30934559"]
[BlackFideId "13739980"]
[WhiteElo "2525"]
[BlackElo "2677"]
[Result "0-1"]
[Round "11"]
[TimeControl "180+1"]
[Date "2023.08.22"]
[WhiteClock "0:00:01"]
[BlackClock "0:00:28"]
[Board "37"]

1. g3 d5 2. Bg2 c6 3. Nf3 Bg4 4. O-O Nd7 5. c4 Bxf3 6. Bxf3 Ne5 7. Qb3 Nxf3+ 8. exf3 Qd7 9. cxd5 cxd5 10. d4 e6 11. Nc3 Nf6 12. Bf4 Be7 13. Rac1 O-O 14. Na4 Rfc8 15. Nc5 Bxc5 16. dxc5 a5 17. a4 Qc6 18. Qb5 Nd7 19. Be3 Ne5 20. f4 Nc4 21. b3 Qxb5 22. axb5 Na3 23. c6 b6 24. Bxb6 Nxb5 25. Rc5 Nd4 26. Rxa5 Rxa5 27. Bxa5 Nxb3 28. Bb4 Nd4 29. Rb1 Nxc6 30. Rc1 f6 31. Bd6 Kf7 32. Rb1 Rd8 33. Rb7+ Ke8 34. Bc5 Rd7 35. Rb6 Rc7 36. Bd6 Rc8 37. Rb7 Rd8 38. Bc5 Rd7 39. Rb6 Nd8 40. Kg2 Rb7 41. Ra6 Kd7 42. Bd4 Nc6 43. Be3 d4 44. Bd2 Kd6 45. Bb4+ Rxb4 46. Ra8 d3 47. Ra1 d2 48. Rd1 Rd4 49. Kf3 Kd5 50. Ke3 e5 51. fxe5 Nxe5 52. f4 Nc4+ 53. Ke2 Ke4 54. h3 f5 55. h4 h5 56. Kf2 Ne3 57. Rg1 d1=Q 58. g4 Qf3+ 59. Ke1 Nc2# 0-1


[Site "https://www.chess.com"]

[Event "Titled Tuesday Blitz August 22 Late 2023"]
[White "Mickiewicz, Piotr"]
[Black "Cuenca Jimenez, Jose Fernando"]
[WhiteFideId "1114891"]
[BlackFideId "2255570"]
[WhiteElo "2524"]
[BlackElo "2676"]
[Result "0-1"]
[Round "11"]
[TimeControl "180+1"]
[Date "2023.08.22"]
[WhiteClock "0:00:00"]
[BlackClock "0:00:04"]
[Board "38"]

1. Nf3 Nf6 2. b3 g6 3. g3 Bg7 4. Bb2 O-O 5. Bg2 c5 6. c4 d6 7. O-O e5 8. d3 Nc6 9. e3 Re8 10. a3 d5 11. cxd5 Nxd5 12. Nbd2 b6 13. Rc1 Bb7 14. Rc2 Qd7 15. Qa1 Rad8 16. Rfc1 f6 17. Bf1 Bh6 18. Re1 Nc7 19. Rcc1 Bg7 20. b4 Ne6 21. b5 Na5 22. d4 e4 23. Nh4 cxd4 24. exd4 Nxd4 25. Bc3 Kh8 26. Qb2 Qd5 27. Ng2 f5 28. Ne3 Qf7 29. Ndc4 Nf3+ 30. Kg2 Nxe1+ 31. Rxe1 Bxc3 32. Qxc3+ Qg7 33. Qb4 Nxc4 34. Bxc4 Rd4 35. Qb3 Red8 36. h4 Rd2 37. h5 Qf6 38. hxg6 hxg6 39. Rh1+ Kg7 40. Bf1 Rh8 41. Rxh8 Kxh8 42. Qb4 Rd7 43. Qc4 Kg7 44. Qc1 Qd4 45. Be2 Qd2 46. Qa1+ Qd4 47. Qc1 Qe5 48. a4 Rc7 49. Qd2 Qf6 50. a5 g5 51. a6 Ba8 52. Qb4 f4 53. Ng4 Qc3 54. Qd6 f3+ 55. Kh2 fxe2 56. Qh6+ Kf7 57. Qh5+ Ke6 58. Qg6+ Kd5 59. Nf6+ Kc4 0-1


[Site "https://www.chess.com"]

[Event "Titled Tuesday Blitz August 22 Late 2023"]
[White "Jaskolka, Tomasz"]
[Black "Saif, Malek"]
[WhiteFideId "1170791"]
[BlackFideId "8104220"]
[WhiteElo "2521"]
[BlackElo "2671"]
[Result "1-0"]
[Round "11"]
[TimeControl "180+1"]
[Date "2023.08.22"]
[WhiteClock "0:00:10"]
[BlackClock "0:00:15"]
[Board "39"]

1. e4 e5 2. Nf3 Nc6 3. Bc4 Nf6 4. Ng5 Bc5 5. Nxf7 Bxf2+ 6. Kf1 Qe7 7. Nxh8 d5 8. exd5 Nd4 9. d6 Qxd6 10. Nf7 Qc5 11. d3 Ng4 12. h3 Bg3 13. hxg4 b5 14. b4 Qc6 15. c3 Bb7 16. Qd2 Nf3 17. Qe3 Nh2+ 18. Rxh2 Bxh2 19. Nxe5 Qxg2+ 20. Ke1 Bg3+ 21. Kd1 O-O-O 22. Be6+ Kb8 23. Bd2 Qf1+ 24. Kc2 Bxe5 25. Qxe5 Qxd3+ 26. Kb2 Be4 27. Bb3 Bg6 28. Bf4 Qd7 29. Nd2 a6 30. Ne4 Bf7 31. Nc5 Qc6 32. Qxc7+ Qxc7 33. Bxc7+ Kxc7 34. Bxf7 Rd2+ 35. Kb3 Rg2 36. Be6 g6 37. Rf1 h5 38. gxh5 gxh5 39. Rf7+ Kd6 40. Rd7+ Ke5 41. Rd5+ Kf4 42. Rxh5 Ke3 43. Nxa6 Kd3 44. Nc5+ Kd2 45. Bd7 Rg1 46. Bxb5 Rb1+ 47. Kc4 Ra1 48. a4 Ke3 49. Rh3+ Kf4 50. a5 Ke5 51. Re3+ Kd6 52. Re6+ Kc7 53. Rc6+ Kb8 54. Nd7+ Kb7 55. Nc5+ Ka7 56. Rc7+ Kb8 57. Na6+ Ka8 58. Bc6# 1-0


[Site "https://www.chess.com"]

[Event "Titled Tuesday Blitz August 22 Late 2023"]
[White "Pham, Le Thao Nguyen"]
[Black "Filgueiras, Nathan Felipe"]
[WhiteFideId "12401226"]
[BlackFideId "2188562"]
[WhiteElo "2656"]
[BlackElo "2520"]
[Result "1-0"]
[Round "11"]
[TimeControl "180+1"]
[Date "2023.08.22"]
[WhiteClock "0:01:00"]
[BlackClock "0:00:06"]
[Board "40"]

1. d4 Nf6 2. Nf3 e6 3. Bf4 c5 4. e3 Nc6 5. c3 d5 6. Nbd2 Nh5 7. Bg3 Nxg3 8. hxg3 cxd4 9. exd4 g6 10. Bd3 Bg7 11. Qe2 Qc7 12. Nf1 Rb8 13. Ne3 a6 14. g4 b5 15. a3 Bd7 16. g5 Qb6 17. Ng4 a5 18. b4 axb4 19. axb4 Ke7 20. Qe3 Nd8 21. Nfe5 Be8 22. Kd2 Nc6 23. f4 Nxe5 24. fxe5 Qb7 25. Ra5 Ra8 26. Rha1 Bc6 27. Qf4 Rxa5 28. Rxa5 Ra8 29. Nh6 Be8 30. Rxa8 Qxa8 31. Ng8+ Kf8 32. Nf6 Qa2+ 33. Bc2 Qa1 34. Nxh7+ Kg8 35. Nf6+ Kf8 36. Qf2 Qh1 37. Bd3 Qh2 38. Be2 Qh1 39. Bf1 Qh2 40. Ke3 Qh1 41. Kf3 Ke7 42. Kg3 Qh8 43. Qa2 Qh1 44. Qa8 Qh8 45. Qb7+ Kf8 46. Nxe8 Kxe8 47. Bxb5+ Kf8 48. Qb8+ Ke7 49. Qd6# 1-0


[Site "https://www.chess.com"]

[Event "Titled Tuesday Blitz August 22 Late 2023"]
[White "Filipascu"]
[Black "Vafin, Ayrat"]
[BlackFideId "4146530"]
[WhiteElo "2648"]
[BlackElo "2515"]
[Result "1-0"]
[Round "11"]
[TimeControl "180+1"]
[Date "2023.08.22"]
[WhiteClock "0:01:23"]
[BlackClock "0:00:00"]
[Board "41"]

1. c4 e6 2. Nc3 d5 3. e3 Nf6 4. Nf3 Be7 5. g4 O-O 6. g5 Ne4 7. h4 Nxc3 8. dxc3 dxc4 9. Bxc4 Qxd1+ 10. Kxd1 b6 11. Ke2 Ba6 12. Bxa6 Nxa6 13. e4 Rad8 14. Bf4 Bd6 15. Bxd6 Rxd6 16. b4 Rfd8 17. h5 Rd3 18. Rac1 c5 19. a3 R3d7 20. h6 g6 21. Rc2 Kf8 22. Ne5 Rc7 23. Rhc1 cxb4 24. cxb4 Rdc8 25. Nd7+ Ke7 26. Rxc7 Rxc7 27. Rxc7 Nxc7 28. Nf6 e5 29. Nxh7 Ne6 30. b5 Nf4+ 31. Ke3 Ne6 32. Nf6 Nxg5 33. h7 Nxh7 34. Nxh7 f6 35. f4 exf4+ 36. Kxf4 Kf7 37. e5 fxe5+ 38. Kxe5 Kg7 39. Ng5 Kh6 40. Kf4 Kh5 41. Ne6 Kh4 42. a4 Kh5 43. Nd4 Kh4 44. Kf3 Kh3 45. Ne6 Kh4 46. Kg2 Kg4 47. Nd8 Kf4 48. Nc6 Ke4 49. Nxa7 Kd5 50. Kf3 Kc4 51. a5 1-0


[Site "https://www.chess.com"]

[Event "Titled Tuesday Blitz August 22 Late 2023"]
[White "Colpe, Malte"]
[Black "Postlmayer, Jakob"]
[WhiteFideId "24623075"]
[BlackFideId "1643622"]
[WhiteElo "2489"]
[BlackElo "2616"]
[Result "1/2-1/2"]
[Round "11"]
[TimeControl "180+1"]
[Date "2023.08.22"]
[WhiteClock "0:01:56"]
[BlackClock "0:02:43"]
[Board "42"]

1. e4 e5 2. Nf3 Nf6 3. Nc3 Nc6 4. d4 exd4 5. Nxd4 Bb4 6. Nxc6 bxc6 7. Bd3 O-O 8. O-O d5 9. exd5 Bg4 10. f3 Bh5 11. dxc6 Qd4+ 12. Kh1 Bxc3 13. bxc3 Qxc3 14. Bg5 Qxc6 15. Qd2 Bg6 1/2-1/2


[Site "https://www.chess.com"]

[Event "Titled Tuesday Blitz August 22 Late 2023"]
[White "Ibadov, Dashgyn"]
[Black "Arencibia Monduy, Antonio"]
[WhiteFideId "24107514"]
[BlackFideId "3507939"]
[WhiteElo "2606"]
[BlackElo "2489"]
[Result "1-0"]
[Round "11"]
[TimeControl "180+1"]
[Date "2023.08.22"]
[WhiteClock "0:00:08"]
[BlackClock "0:00:09"]
[Board "43"]

1. e4 e6 2. d4 d5 3. Nc3 dxe4 4. Nxe4 Nd7 5. Nf3 Ngf6 6. Bd3 Be7 7. Qe2 O-O 8. Nxf6+ Nxf6 9. Bd2 b6 10. O-O-O Bb7 11. Kb1 c5 12. dxc5 Qc7 13. Ne5 bxc5 14. Rhe1 Rad8 15. f4 Bd6 16. g4 Nd5 17. g5 Bxe5 18. fxe5 Nb4 19. Bxb4 cxb4 20. Qh5 g6 21. Qh6 Rd5 22. Re3 Rxe5 23. Rh3 f5 24. gxf6 Rxf6 25. Rg1 Be4 26. Bxe4 Rxe4 27. Qg5 Qf4 28. Qb5 Re5 29. Qe8+ Kg7 30. Rd1 Rf7 31. Rhd3 Rd5 32. Rxd5 exd5 33. b3 Qf5 34. Qb5 Rc7 35. Rc1 Qe4 36. Qa5 Rf7 37. Qc5 h5 38. Rd1 Rf5 39. Rd4 Qe1+ 40. Kb2 Qc3+ 41. Qxc3 bxc3+ 42. Kxc3 Kf6 43. Ra4 Rf3+ 44. Kd4 Rf4+ 45. Kxd5 Rf2 46. Rxa7 Rxh2 47. c4 h4 48. c5 h3 49. c6 Rd2+ 50. Kc5 g5 51. Rh7 g4 52. c7 Rc2+ 53. Kb6 Kg6 54. Rh4 Kg5 55. Rh8 Kf4 56. a4 Kg3 57. a5 h2 58. a6 Kg2 59. a7 Ra2 60. c8=Q h1=Q 61. Qc6+ Kg3 62. Qxh1 Kf4 63. Qf1+ Kg5 64. Rg8+ Kh4 65. Qh1+ Kg3 66. Qg1+ Kf3 67. Qxg4+ Ke3 68. Re8+ Kd3 69. Qe4+ Kc3 70. Rc8+ Kb2 71. Rc2+ Kb1 72. Rxa2+ Kxa2 73. a8=Q+ Kb2 74. Qd4+ Kc1 75. Qaa1+ Kc2 76. Qab2# 1-0


[Site "https://www.chess.com"]

[Event "Titled Tuesday Blitz August 22 Late 2023"]
[White "Veiga, Jose Francisco R P Neves"]
[Black "Haszon, David"]
[WhiteFideId "1930087"]
[BlackFideId "733610"]
[WhiteElo "2603"]
[BlackElo "2473"]
[Result "0-1"]
[Round "11"]
[TimeControl "180+1"]
[Date "2023.08.22"]
[WhiteClock "0:01:04"]
[BlackClock "0:00:22"]
[Board "44"]

1. d4 Nf6 2. Nf3 d5 3. c4 e6 4. Nc3 Nbd7 5. Bg5 c6 6. e3 h6 7. Bh4 Bb4 8. Qc2 g5 9. Bg3 Ne4 10. Bd3 Nxg3 11. hxg3 Qf6 12. a3 Bf8 13. e4 Bg7 14. cxd5 exd5 15. e5 Qe7 16. O-O h5 17. Rfe1 Nf8 18. b4 a6 19. a4 h4 20. gxh4 g4 21. Nd2 Qxh4 22. Kf1 g3 23. Nf3 Qh1+ 24. Ke2 Qxg2 25. Rf1 Bg4 26. Kd2 Qxf3 27. Kc1 g2 28. Rg1 Ne6 29. Ne2 Qxf2 30. Qc3 Bxe2 31. Kb2 Bxd3+ 32. Ka3 Qxd4 0-1


[Site "https://www.chess.com"]